3L
SEATTLE AVIATORS @ MONTANA PANDAS
08/06/2020
 
TOP OF THE 1ST
Seattle Aviators batting - Pitching for Montana Pandas : LHP Jorge Román
Pitching: LHP Jorge Román
Batting: RHB José Lozano 0-0: Foul Ball, location: 2F
0-1: Ball
1-1: Called Strike
1-2: Ball
2-2: SINGLE (Line Drive, 7LS)
Batting: RHB Brian Williams 0-0: Foul Ball, location: 2F
0-1: Ball
1-1: Called Strike
1-2: Ball
2-2: Ball
3-2: Foul Ball, location: 2F
3-2: Foul Ball, location: 2F
3-2: Fly out, F6 (Popup, 6MD)
Batting: RHB Lane Rich 0-0: Called Strike
0-1: Ball
1-1: Called Strike
1-2: Foul Ball, location: 2F
1-2: Strikes out swinging
Batting: RHB Tanyu Kimura 0-0: Foul Ball, location: 2F
0-1: Foul Ball, location: 2F
0-2: Ball
1-2: Ball
2-2: Foul Ball, location: 2F
2-2: Ball
3-2: Strikes out swinging
Top of the 1st over - 0 run(s), 1 hit(s), 0 error(s), 1 left on base; Seattle 0 - Montana 0
BOTTOM OF THE 1ST
Montana Pandas batting - Pitching for Seattle Aviators : LHP Ryan McCall
Pitching: LHP Ryan McCall
Batting: LHB Lance Schiffer 0-0: Ball
1-0: Called Strike
1-1: Foul Ball, location: 2F
1-2: Ball
2-2: Ball
3-2: Strikes out looking
Batting: LHB Jarred Smith 0-0: Ball
1-0: Bunt missed!
1-1: Ball
2-1: Ball
3-1: Foul Ball, location: 2F
3-2: Ground out U3 (Groundball, 3S)
Batting: RHB Nathan Clay 0-0: SINGLE (Groundball, 56)
Batting: LHB Raúl Valentín 0-0: Ball
1-0: Ball
2-0: Ball
3-0: Called Strike
3-1: Foul Ball, location: 2F
3-2: Foul Ball, location: 2F
3-2: Fly out, F6 (Popup, 6M)
Bottom of the 1st over - 0 run(s), 1 hit(s), 0 error(s), 1 left on base; Seattle 0 - Montana 0
TOP OF THE 2ND
Seattle Aviators batting - Pitching for Montana Pandas : LHP Jorge Román
Batting: RHB Clarence Fox 0-0: Ball
1-0: Called Strike
1-1: Ball
2-1: Ball
3-1: Base on Balls
Batting: RHB Vernon Caw 0-0: Ball
1-0: Ball
2-0: Called Strike
2-1: Called Strike
2-2: Foul Ball, location: 2F
2-2: Ball
3-2: Foul Ball, location: 2F
3-2: Fly out, F6 (Popup, 6D)
Batting: RHB Lindsay Stewart 0-0: Ball
Clarence Fox is caught stealing 2nd base
1-0: Ball
2-0: Called Strike
2-1: Fly out, F9 (Flyball, 9M)
Top of the 2nd over - 0 run(s), 0 hit(s), 0 error(s), 0 left on base; Seattle 0 - Montana 0
BOTTOM OF THE 2ND
Montana Pandas batting - Pitching for Seattle Aviators : LHP Ryan McCall
Batting: RHB Brian King 0-0: Called Strike
0-1: Swinging Strike
0-2: Strikes out swinging
Batting: RHB Claudio Pérez 0-0: Ground out 5-3 (Groundball, 5S)
Batting: RHB Gil Lowe 0-0: Ball
1-0: Called Strike
1-1: Called Strike
1-2: Strikes out swinging
Bottom of the 2nd over - 0 run(s), 0 hit(s), 0 error(s), 0 left on base; Seattle 0 - Montana 0
TOP OF THE 3RD
Seattle Aviators batting - Pitching for Montana Pandas : LHP Jorge Román
Pitching: LHP Rich Lawrence
Batting: RHB Craig Stewart 0-0: Foul Ball, location: 2F
0-1: Ball
1-1: Ball
2-1: Ground out 5-3 (Groundball, 5)
Batting: LHB Ryan McCall 0-0: SINGLE (Groundball, 34)
Batting: RHB José Lozano 0-0: Called Strike
0-1: Grounds into double play, 6-4-3 (Groundball, 6)
Top of the 3rd over - 0 run(s), 1 hit(s), 0 error(s), 0 left on base; Seattle 0 - Montana 0
BOTTOM OF THE 3RD
Montana Pandas batting - Pitching for Seattle Aviators : LHP Ryan McCall
Batting: RHB Greg Terry 0-0: Called Strike
0-1: Swinging Strike
0-2: Ball
1-2: Foul Ball, location: 2F
1-2: Ground out 4-3 (Groundball, 34)
Batting: LHB Rich Lawrence 0-0: Ball
1-0: Ground out 4-3 (Groundball, 4)
Batting: LHB Lance Schiffer 0-0: Ball
1-0: Fly out, F8 (Flyball, 8RM)
Bottom of the 3rd over - 0 run(s), 0 hit(s), 0 error(s), 0 left on base; Seattle 0 - Montana 0
TOP OF THE 4TH
Seattle Aviators batting - Pitching for Montana Pandas : LHP Rich Lawrence
Batting: RHB Brian Williams 0-0: Ball
1-0: Ball
2-0: Ball
3-0: Base on Balls
Batting: RHB Lane Rich 0-0: Called Strike
0-1: Ball
1-1: Ball
2-1: Fly out, F9 (Line Drive, 9S)
Batting: RHB Tanyu Kimura 0-0: Called Strike
0-1: Called Strike
0-2: 2-RUN HOME RUN (Line Drive, 78XD), Distance : 373 ft
Batting: RHB Clarence Fox 0-0: Swinging Strike
0-1: Ground out 5-3 (Groundball, 5L)
Batting: RHB Vernon Caw 0-0: Ground out 6-3 (Groundball, 6M)
Top of the 4th over - 2 run(s), 1 hit(s), 0 error(s), 0 left on base; Seattle 2 - Montana 0
BOTTOM OF THE 4TH
Montana Pandas batting - Pitching for Seattle Aviators : LHP Ryan McCall
Batting: LHB Jarred Smith 0-0: Called Strike
0-1: Called Strike
0-2: Foul Ball, location: 2F
0-2: Ball
1-2: Strikes out swinging
Batting: RHB Nathan Clay 0-0: Ball
1-0: Foul Ball, location: 2F
1-1: Foul Ball, location: 2F
1-2: Fly out, F4 (Popup, 4)
Batting: LHB Raúl Valentín 0-0: Ball
1-0: Ball
2-0: Ball
3-0: Base on Balls
Batting: RHB Brian King 0-0: Ball
1-0: Ball
2-0: Ball
3-0: Called Strike
3-1: Base on Balls
Raúl Valentín to second
Batting: RHB Claudio Pérez 0-0: Called Strike
0-1: Ball
1-1: Ball
2-1: Ball
3-1: Foul Ball, location: 2F
3-2: Strikes out looking
Bottom of the 4th over - 0 run(s), 0 hit(s), 0 error(s), 2 left on base; Seattle 2 - Montana 0
TOP OF THE 5TH
Seattle Aviators batting - Pitching for Montana Pandas : LHP Rich Lawrence
Batting: RHB Lindsay Stewart 0-0: Hit by Pitch
Batting: RHB Craig Stewart 0-0: Ball
1-0: Called Strike
1-1: Ball
2-1: Foul Ball, location: 2F
2-2: Ball
3-2: DOUBLE (Flyball, 89XD)
Lindsay Stewart to third
Batting: LHB Ryan McCall 0-0: Called Strike
0-1: Ball
1-1: Called Strike
1-2: Ground out 1-3 (Groundball, 13S)
Batting: RHB José Lozano 0-0: Ball
1-0: Ball
2-0: Called Strike
2-1: DOUBLE (Line Drive, 9LS)
Lindsay Stewart scores
Craig Stewart scores
Pitching: LHP Ray Thibaut
Batting: RHB Brian Williams 0-0: Swinging Strike
0-1: Ball
1-1: Ball
2-1: SINGLE (Groundball, 6MD)
José Lozano to third
Batting: RHB Lane Rich 0-0: Ball
Wild Pitch!
José Lozano scores
Brian Williams to second
1-0: Ball
2-0: Called Strike
2-1: Swinging Strike
2-2: Strikes out swinging
Batting: RHB Tanyu Kimura 0-0: Fly out, F3 (Popup, 3S)
Top of the 5th over - 3 run(s), 3 hit(s), 0 error(s), 1 left on base; Seattle 5 - Montana 0
BOTTOM OF THE 5TH
Montana Pandas batting - Pitching for Seattle Aviators : LHP Ryan McCall
Batting: RHB Gil Lowe 0-0: Foul Ball, location: 2F
0-1: Called Strike
0-2: Ball
1-2: Foul Ball, location: 2F
1-2: Ball
2-2: Ball
3-2: Foul Ball, location: 2F
3-2: Ground out 6-3 (Groundball, 56)
Batting: RHB Greg Terry 0-0: Ball
1-0: Called Strike
1-1: Ball
2-1: Foul Ball, location: 2F
2-2: Ball
3-2: Base on Balls
Batting: RHB Ray Thibaut 0-0: Ball
1-0: Ground out 4-3 (Groundball, 4M)
Greg Terry to second
Batting: LHB Lance Schiffer 0-0: Ball
1-0: SINGLE (Groundball, 34D) (infield hit)
Greg Terry to third
Batting: LHB Jarred Smith 0-0: 3-RUN HOME RUN (Flyball, 89XD), Distance : 375 ft
Batting: RHB Nathan Clay 0-0: Ball
1-0: Ball
2-0: Called Strike
2-1: Foul Ball, location: 2F
2-2: Ball
3-2: Base on Balls
Batting: LHB Raúl Valentín 0-0: Ball
1-0: Called Strike
1-1: Ball
2-1: Fielders Choice at 2nd, 6-4 (Groundball, 6)
Bottom of the 5th over - 3 run(s), 2 hit(s), 0 error(s), 0 left on base; Seattle 5 - Montana 3
TOP OF THE 6TH
Seattle Aviators batting - Pitching for Montana Pandas : LHP Ray Thibaut
Batting: RHB Clarence Fox 0-0: Ball
1-0: Ball
2-0: Ball
3-0: Base on Balls
Batting: RHB Vernon Caw 0-0: Fielders Choice at 2nd, 6-4 (Groundball, 6M)
Batting: RHB Lindsay Stewart 0-0: Called Strike
0-1: Ball
1-1: Ball
2-1: Ball
3-1: Base on Balls
Vernon Caw to second
Batting: RHB Craig Stewart 0-0: Ball
1-0: Fly out, F9 (Popup, 34D)
Batting: LHB Ryan McCall 0-0: Called Strike
0-1: Ball
1-1: SINGLE (Groundball, 4MD)
Vernon Caw to third
Lindsay Stewart to second
Runner from 3rd tries for Home, SAFE, no throw or cutoff
Batting: RHB José Lozano 0-0: Ball
1-0: Ball
2-0: Foul Ball, location: 2F
2-1: Ball
3-1: Swinging Strike
3-2: Foul Ball, location: 2F
3-2: Base on Balls
Lindsay Stewart to third
Ryan McCall to second
Batting: RHB Brian Williams 0-0: Called Strike
0-1: SINGLE (Groundball, 6S)
Lindsay Stewart scores
Ryan McCall to third
José Lozano to second
Runner from 3rd tries for Home, SAFE, no throw or cutoff
Pitching: LHP Jeffery Howell
Batting: RHB Lane Rich 0-0: Ball
1-0: Fly out, F8 (Flyball, 89D)
Top of the 6th over - 3 run(s), 2 hit(s), 0 error(s), 2 left on base; Seattle 8 - Montana 3
BOTTOM OF THE 6TH
Montana Pandas batting - Pitching for Seattle Aviators : LHP Ryan McCall
Batting: RHB Brian King 0-0: Ball
1-0: Ball
2-0: Foul Ball, location: 2F
2-1: Swinging Strike
2-2: SOLO HOME RUN (Flyball, 78XD), Distance : 381 ft
Batting: RHB Claudio Pérez 0-0: Ball
1-0: Ball
2-0: Ground out 4-3 (Groundball, 4)
Batting: RHB Gil Lowe 0-0: Ball
1-0: Ground out 6-3 (Groundball, 6M)
Batting: RHB Greg Terry 0-0: Called Strike
0-1: Ball
1-1: Called Strike
1-2: Ball
2-2: Strikes out swinging
Bottom of the 6th over - 1 run(s), 1 hit(s), 0 error(s), 0 left on base; Seattle 8 - Montana 4
TOP OF THE 7TH
Seattle Aviators batting - Pitching for Montana Pandas : LHP Jeffery Howell
Batting: RHB Tanyu Kimura 0-0: Swinging Strike
0-1: Ball
1-1: SINGLE (Groundball, 6MD)
Batting: RHB Clarence Fox 0-0: Ball
1-0: Fly out, F7 (Flyball, 78S)
Batting: RHB Vernon Caw 0-0: Called Strike
0-1: Ball
Wild Pitch!
Tanyu Kimura to second
1-1: Swinging Strike
1-2: Strikes out looking
Batting: RHB Lindsay Stewart 0-0: Foul Ball, location: 2F
0-1: SINGLE (Groundball, 5D)
Tanyu Kimura to third
Runner from 3rd tries for Home, SAFE, no throw or cutoff
Batting: RHB Craig Stewart 0-0: Fielders Choice at 2nd, U6 (Groundball, 6M)
Top of the 7th over - 1 run(s), 2 hit(s), 0 error(s), 1 left on base; Seattle 9 - Montana 4
BOTTOM OF THE 7TH
Montana Pandas batting - Pitching for Seattle Aviators : LHP Ryan McCall
Pinch Hitting: RHB Alberto Ortíz 0-0: Called Strike
0-1: Ball
1-1: SINGLE (Line Drive, 34D)
Batting: LHB Lance Schiffer 0-0: Called Strike
0-1: Ground out 4-3 (Groundball, 4M)
Alberto Ortíz to second
Batting: LHB Jarred Smith 0-0: Ball
1-0: Ball
2-0: Foul Ball, location: 2F
2-1: Ball
3-1: Called Strike
3-2: TRIPLE (Line Drive, 9LS)
Alberto Ortíz scores
Batting: RHB Nathan Clay 0-0: Called Strike
0-1: Called Strike
0-2: Ball
1-2: Ball
2-2: SINGLE (Line Drive, 4MD)
Jarred Smith scores
Batting: LHB Raúl Valentín 0-0: Called Strike
0-1: Ball
Nathan Clay is caught stealing 2nd base
1-1: Foul Ball, location: 2F
1-2: Foul Ball, location: 2F
1-2: Foul Ball, location: 2F
1-2: SINGLE (Line Drive, 78S)
Batting: RHB Brian King 0-0: Called Strike
0-1: Ball
1-1: Ball
2-1: Swinging Strike
2-2: Foul Ball, location: 2F
2-2: Ground out 5-3 (Groundball, 56)
Bottom of the 7th over - 2 run(s), 4 hit(s), 0 error(s), 1 left on base; Seattle 9 - Montana 6
TOP OF THE 8TH
Seattle Aviators batting - Pitching for Montana Pandas : LHP Jeffery Howell
Pitching: RHP Rubén Sánchez
Pinch Hitting: LHB Phil Parkinson 0-0: Ball
1-0: Called Strike
1-1: Ground out 5-3 (Groundball, 5L)
Batting: RHB José Lozano 0-0: Called Strike
0-1: Swinging Strike
0-2: Ball
1-2: Fly out, F8 (Flyball, 8LS)
Batting: RHB Brian Williams 0-0: Ball
1-0: DOUBLE (Flyball, 9LS)
Batting: RHB Lane Rich 0-0: Ball
1-0: Ball
2-0: Ball
3-0: Called Strike
3-1: Foul Ball, location: 2F
3-2: Base on Balls
Batting: RHB Tanyu Kimura 0-0: Ball
1-0: Ball
2-0: SINGLE (Line Drive, 6MD)
Brian Williams to third
Lane Rich to second
Pinch Hitting: LHB En-lai Gao 0-0: Ball
1-0: Called Strike
1-1: Swinging Strike
1-2: Strikes out swinging
Top of the 8th over - 0 run(s), 2 hit(s), 0 error(s), 3 left on base; Seattle 9 - Montana 6
BOTTOM OF THE 8TH
Montana Pandas batting - Pitching for Seattle Aviators : LHP Ryan McCall
Pitching: RHP Pete Poirot
Now in RF: En-lai Gao
Batting: RHB Claudio Pérez 0-0: Called Strike
0-1: Ball
1-1: Swinging Strike
1-2: Strikes out swinging
Batting: RHB Gil Lowe 0-0: Ball
1-0: Called Strike
1-1: Swinging Strike
1-2: Strikes out swinging
Batting: RHB Greg Terry 0-0: Ground out 1-5-3 (Groundball, 15S)
Bottom of the 8th over - 0 run(s), 0 hit(s), 0 error(s), 0 left on base; Seattle 9 - Montana 6
TOP OF THE 9TH
Seattle Aviators batting - Pitching for Montana Pandas : RHP Rubén Sánchez
Batting: RHB Vernon Caw 0-0: Ball
1-0: Ball
2-0: Ground out 6-3 (Groundball, 6)
Batting: RHB Lindsay Stewart 0-0: Ball
1-0: Bunted foul
1-1: Foul Ball, location: 2F
1-2: Fly out, F8 (Flyball, 8RXD)
Batting: RHB Craig Stewart 0-0: Ground out 4-3 (Groundball, 4M)
Top of the 9th over - 0 run(s), 0 hit(s), 0 error(s), 0 left on base; Seattle 9 - Montana 6
BOTTOM OF THE 9TH
Montana Pandas batting - Pitching for Seattle Aviators : RHP Pete Poirot
Pitching: RHP Bill Schneider
Now at 1B: Lawrence Bell
Pinch Hitting: SHB Bill Becker 0-0: Ball
1-0: Called Strike
1-1: Ground out 4-3 (Groundball, 4)
Batting: LHB Lance Schiffer 0-0: Ball
1-0: Fly out, F7 (Flyball, 7LS)
Batting: LHB Jarred Smith 0-0: Ground out U3 (Groundball, 3)
Bottom of the 9th over - 0 run(s), 0 hit(s), 0 error(s), 0 left on base; Seattle 9 - Montana 6
This league is powered by Out of the Park Baseball, the baseball management simulation game for PC, Mac and Linux
Friday, October 23rd, 2015 - OOTP Baseball 16.9 Build 39